 Dungeon Crawl Stone Soup version 0.28.0-47-ge53b351184 (webtiles) character file.

Game seed: 5616549189840975976

7 RatsInWalls the Shield-Bearer (level 2, 24/24 HPs)
             Began as a Formicid Fighter on May 9, 2022.
             Quit the game on level 1 of the Dungeon.
             The game lasted 00:00:13 (174 turns).

RatsInWalls the Shield-Bearer (Formicid Fighter)     Turns: 174, Time: 00:00:13

Health: 24/24      AC:  6    Str: 20    XL:     2   Next: 5%
Magic:  2/2        EV:  9    Int:  7    God:
Gold:   4          SH:  4    Dex: 10    Spells: 1/1 levels left

rFire   . . .      SeeInvis +   a - +0 war axe
rCold   . . .      Faith    .   c - +0 buckler
rNeg    . . .      Spirit   .   b - +0 scale mail
rPois   .          Reflect  .   (helmet unavailable)
rElec   .          Harm     .   (no cloak)
rCorr   .          Rampage  .   (no gloves)
Will    .....                   (no boots)
Stlth   ..........              (no amulet)
HPRegen 0.08/turn               (no ring)
MPRegen 0.08/turn               (no ring)

@: no status effects
A: permanent stasis, dig shafts and tunnels, antennae 3, four strong arms
a: Dig, Shaft Self


You were on level 1 of the Dungeon.
You visited 1 branch of the dungeon, and saw 1 of its levels.

You collected 4 gold pieces.

Inventory:

Hand Weapons
 a - a +0 war axe (weapon)
Armour
 b - a +0 scale mail (worn)
 c - a +0 buckler (worn)
Scrolls
 f - a scroll of identify {unknown}
Potions
 d - a potion of might
 e - a potion of invisibility {unknown}


   Skills:
 + Level 3.4 Fighting
 + Level 2.1 Axes
 + Level 3.4 Armour
 + Level 3.8 Shields


You had one spell level left.
You didn't know any spells.
Your spell library was empty.

Dungeon Overview and Level Annotations

Branches:
Dungeon (1/15)

Altars:


Innate Abilities, Weirdness & Mutations

You cannot be hasted, slowed, berserked, paralysed or teleported.
You can dig through walls and to a lower floor.
You have a pair of large antennae on your head. (SInv)
Your four strong arms can wield two-handed weapons with a shield.


Message History

The goblin is almost dead.
You hit the ball python. You block the goblin's attack.
The ball python bites you but does no damage.
The ball python closely misses you. The goblin hits you with a +0 club.
You slash the goblin!
You kill the goblin!
You hit the ball python but do no damage.
The ball python bites you but does no damage.
You block the ball python's attack.
The quokka bites you but does no damage.
The ball python barely misses you. The ball python grabs you.
The ball python constricts you.
You closely miss the ball python.
The ball python is heavily wounded.
You closely miss the quokka.
The quokka bites you but does no damage.
You block the ball python's attack. The ball python constricts you.
The quokka barely misses you. You block the ball python's attack.
The ball python constricts you.
You hit the ball python but do no damage.
The ball python is heavily wounded.
You slash the quokka!
You kill the quokka!
The ball python bites you but does no damage.
The ball python constricts you.
You slash the ball python!
You kill the ball python!
You have reached level 2!
HP restored.
Things that are here:
a +0 club; a quokka corpse; a goblin corpse
Things that are here:
a +0 short sword; a kobold corpse
Found 13 arrows.
Found 13 stones.
e - a fizzy blue potion
Found a club.
f - a scroll labelled XYREFYTIGG
Found 26 stones.
Are you sure you want to abandon this character and quit the game? (Confirm with "yes".)

###### . #....#
....##....##########
.......@............
....#...........## (
#...........######
#................#
#................#
##########.......#
.#########..)....#
.................#
....##.##.......#


There were no monsters in sight!

Vanquished Creatures
  A ball python (D:1)
  A goblin (D:1)
  A hobgoblin (D:1)
  A quokka (D:1)
  A frilled lizard (D:1)
  A kobold (D:1)
6 creatures vanquished.

Notes
Turn   | Place    | Note
-------+----------+-------------------------------------------
     0 | D:1      | RatsInWalls the Formicid Fighter began the quest for the
                  | Orb.
     0 | D:1      | Reached XP level 1. HP: 18/18 MP: 1/1
    32 | D:1      | Reached XP level 2. HP: 15/24 MP: 2/2
   174 | D:1      | Quit the game

Illustrated notes

Levels and vault maps discovered:
D:1:      shiori_arrival_maze, layout_basic, ebering_ecumenical_altar_rust,
          minmay_ruptured

Action                   || total
-------------------------++-------
Melee: War axe           ||    14
Armor: Scale mail        ||     9
Dodge: Dodged            ||     5
Block: Buckler           ||     6
